 Dungeon Crawl Stone Soup version 0.27-a0-1442-g87b6fcb595 (webtiles) character file.

Game seed: 13873475564651861618

1369 wakim the Protected (level 8, -3/70 HPs)
             Began as a Minotaur Fighter on July 2, 2021.
             Slain by an iguana (6 damage)
             ... on level 6 of the Dungeon on July 4, 2021.
             The game lasted 00:16:25 (6248 turns).

wakim the Protected (Minotaur Fighter)              Turns: 6248, Time: 00:16:26

Health: -3/70      AC: 12    Str: 23    XL:     8   Next: 38%
Magic:  7/7        EV:  6    Int:  5    God:
Gold:   159        SH: 10    Dex: 10    Spells: 7/7 levels left

rFire    . . .     SeeInvis .   a - +0 flail
rCold    . . .     Faith    .   c - +0 kite shield
rNeg     . . .     Spirit   .   t - +0 chain mail
rPois    .         Reflect  .   d - +2 hat
rElec    .         Harm     .   p - scarf {+Inv}
rCorr    .         Rampage  .   (no gloves)
Will     .....                  (no boots)
Stlth    ..........             (no amulet)
HPRegen  0.21/turn              (no ring)
MPRegen  0.10/turn              (no ring)

@: no status effects
A: horns 2, retaliatory headbutt
a: Evoke Invisibility


You were on level 6 of the Dungeon.
You visited 1 branch of the dungeon, and saw 6 of its levels.

You collected 159 gold pieces.

Inventory:

Hand Weapons
 a - a +0 flail (weapon)
 b - a +0 hand crossbow
 s - the +8 hand axe "Rummofao" {freeze, rElec Will+ Str-3 Int+3}
   (You found it on level 5 of the Dungeon)

   It has been specially enchanted to freeze those struck by it, causing extra
   injury to most foes and up to half again as much damage against particularly
   susceptible opponents.
   It can also slow down cold-blooded creatures.
   Str:       It affects your strength (-3).
   Int:       It affects your intelligence (+3).
   rElec:     It insulates you from electricity.
   Will:      It increases your willpower.
Missiles
 j - 25 poisoned darts (quivered)
 m - 8 javelins
 q - 34 bolts
 u - 4 silver boomerangs
Armour
 c - a +0 kite shield (worn)
 d - a +2 hat (worn)
 p - a scarf of invisibility (worn)
 t - a +0 chain mail (worn)
Jewellery
 f - a ring of ice
Wands
 v - a wand of flame (16)
 y - a wand of paralysis (12)
Scrolls
 e - a scroll of enchant weapon {unknown}
 g - a scroll of amnesia
 i - a scroll of fear {unknown}
 r - a scroll of identify
 T - a scroll of teleportation
Potions
 h - a potion of attraction {unknown}
 k - a potion of cancellation {unknown}
 l - a potion of heal wounds {unknown}
 o - a potion of degeneration {unknown}
 F - a potion of curing
 K - 2 potions of magic
 N - 2 potions of might


   Skills:
 + Level 6.2 Fighting
 * Level 7.7 Maces & Flails
 * Level 8.0 Armour
 - Level 6.0 Shields


You had 7 spell levels left.
You didn't know any spells.
Your spell library contained the following spells:

 Spells                   Type           Power      Damage    Failure   Level
 Pain                     Necr           0%         1d4       100%        1
 Call Canine Familiar     Summ           0%         N/A       100%        3
 Portal Projectile        Hex/Tloc       0%         N/A       100%        3
 Dispel Undead            Necr           0%         3d6       100%        4
 Leda's Liquefaction      Hex/Erth       0%         N/A       100%        4
 Agony                    Necr           0%         N/A       100%        5
 Excruciating Wounds      Necr           0%         N/A       100%        5
 Borgnjor's Revivificati  Necr           0%         N/A       100%        8
 Maxwell's Capacitive Co  Air            0%         ∞         100%        8


Dungeon Overview and Level Annotations

Branches:
Dungeon (6/15)             Temple (0/1) D:4

Altars:
Cheibriados
Nemelex Xobeh
Wu Jian
The Shining One

Annotations:
D:6 Maggie


Innate Abilities, Weirdness & Mutations

You have a pair of horns on your head.
You reflexively headbutt those who attack you in melee.


Message History

The bolt of fire hits you!
* * * LOW HITPOINT WARNING * * *
You feel better.
F - a potion of curing Maggie points at you and mumbles some strange words.
The bolt of fire hits you!!
* * * LOW HITPOINT WARNING * * *
You cannot move away from Maggie!
Unknown command.
You block Maggie's attack.
You sock the iguana!
The iguana is heavily wounded.
Your surroundings suddenly seem different.
You break out of your daze!
An iguana comes into view.
The iguana hisses angrily.
An orc comes into view. It is wielding a +0 dagger.
The orc shouts!
An orc wizard comes into view. It is wielding a +0 dagger.
The orc wizard shouts!
A water moccasin comes into view.
The orc wizard casts a spell at you. You resist with some effort.
An orc comes into view. It is wielding a +0 hand axe.
The iguana moves out of view.
The orc shouts!
The orc wizard mumbles some strange words.
The orc wizard flickers and vanishes!
Deactivating autopickup; reactivate with Ctrl-A.
You hear some strange, mumbled words.
Something tries to affect you, but you resist.
You closely miss the iguana. You block the iguana's attack.
Your chain mail prevents you from hitting the iguana.
You block the iguana's attack.
A steam dragon comes into view.
The iguana bites you!
* * * LOW HITPOINT WARNING * * *
The steam dragon hisses angrily.
You hit the iguana but do no damage. The iguana bites you.
You die...

....# ....#
.... ##... #...
#.. #.# #
#@#.####/
#l#o.....
#So...o##
#o..o....
..S....D.....#.
.......#.....#
.#..... .......
.....>. .......
###.... .....##


You could see a steam dragon, a water moccasin, an iguana and 2 orcs.

Vanquished Creatures
  A wraith (D:5)
  Sigmund (D:4)
  The ghost of sn0wgr3 the Skirmisher, an amateur MiCK of Xom (D:4)
  Purgy (D:4)
  A centaur (D:6)
  A phantom (D:5)
  A bullfrog (D:6)
  2 scorpions (D:5)
  A water moccasin skeleton (D:5)
  The ghost of asdu the Sneak, a weakling DsDe (D:5)
  3 hounds
  2 orc priests
  3 iguanas (D:5)
  An orc wizard (D:4)
  A hound skeleton (D:5)
  Robin (D:4)
  4 adders
  An adder skeleton (D:4)
  2 worms
  A dart slug (D:4)
  11 orcs
  7 bats
  5 endoplasms
  2 giant cockroaches
  17 goblins
  7 hobgoblins
  4 jackals
  7 ball pythons
  A frilled lizard (D:1)
  5 kobolds
  7 rats
103 creatures vanquished.

Notes
Turn   | Place    | Note
-------+----------+-------------------------------------------
     0 | D:1      | wakim the Minotaur Fighter began the quest for the Orb.
     0 | D:1      | Reached XP level 1. HP: 19/19 MP: 0/0
   157 | D:1      | Found a faded altar of an unknown god.
   321 | D:1      | Reached XP level 2. HP: 27/27 MP: 1/1
   400 | D:1      | Reached skill level 4 in Armour
  1091 | D:2      | Reached XP level 3. HP: 33/33 MP: 2/2
  1564 | D:2      | Upgraded the game from 0.27-a0-1434-g6f15984924 to
                  | 0.27-a0-1442-g87b6fcb595
  2020 | D:3      | Reached XP level 4. HP: 40/40 MP: 3/3
  2434 | D:4      | Noticed Sigmund
  2595 | D:4      | Reached XP level 5. HP: 34/46 MP: 4/4
  2607 | D:4      | Reached skill level 5 in Armour
  2799 | D:4      | Found a staircase to the Ecumenical Temple.
  2801 | D:4      | Found a sparkling altar of Nemelex Xobeh.
  2801 | D:4      | Noticed Robin
  2820 | D:4      | Killed Robin
  3209 | D:4      | Got Lalus's Incunabulum of Floating Darkness
  3243 | D:4      | Noticed Purgy
  3262 | D:4      | Killed Purgy
  3263 | D:4      | Reached skill level 5 in Maces & Flails
  3263 | D:4      | Reached XP level 6. HP: 39/53 MP: 5/5
  3445 | D:4      | Found a runed translucent door.
  3448 | D:4      | Noticed sn0wgr3's ghost (amateur MiCK)
  3866 | D:4      | Killed Sigmund
  3867 | D:4      | Reached skill level 6 in Armour
  3867 | D:4      | Reached skill level 5 in Shields
  3940 | D:4      | Reached skill level 5 in Fighting
  4034 | D:5      | Entered Level 5 of the Dungeon
  4111 | D:5      | Reached XP level 7. HP: 59/61 MP: 6/6
  4426 | D:5      | Identified the +8 hand axe "Rummofao" {freeze, rElec Will+
                  | Str-3 Int+3}
  4432 | D:5      | Found a snail-covered altar of Cheibriados.
  4513 | D:5      | Found an ornate altar of the Wu Jian Council.
  4565 | D:5      | Reached skill level 7 in Armour
  4628 | D:5      | Found a glowing golden altar of the Shining One.
  5303 | D:5      | Found a runed translucent door.
  5304 | D:5      | Noticed a wraith
  5304 | D:5      | Noticed asdu's ghost (weakling DsDe)
  5640 | D:4      | Killed sn0wgr3's ghost
  5641 | D:4      | Reached XP level 8. HP: 40/70 MP: 7/7
  5904 | D:5      | Killed asdu's ghost
  6033 | D:6      | Noticed Edmund
  6141 | D:6      | Reached skill level 8 in Armour
  6229 | D:6      | Noticed Maggie
  6247 | D:6      | HP: 2/70 [iguana (10)]
  6248 | D:6      | Slain by an iguana

Illustrated notes

Levels and vault maps discovered:
D:1:      dpeg_arrival_morbid_curiosity, layout_basic,
          chequers_ecumenical_altar_island
D:2:      layout_loops_ring
D:3:      layout_basic
D:4:      layout_rooms, kennysheep_little_box, minmay_temple_entry_purple_smoke,
          ebering_ghost_reflecting_pool, uniq_robin, uniq_sigmund, uniq_purgy
D:5:      layout_basic, lemuel_tele_altar, lemuel_round_altar,
          lemuel_doored_altar, ebering_ghost_inner_flame, hangedman_decor_lopped
D:6:      layout_rooms, amcnicky_altar_gilded, kennysheep_generic_room_8,
          uniq_edmund, uniq_maggie

Skill      XL: |  1  2  3  4  5  6  7  8 |
---------------+-------------------------+-----
Armour         | 4 5 6 7 8 |  8.0
Maces & Flails | 3 4 5 6 7 |  7.7
Shields        | 4 5 6 |  6.0
Fighting       | 4 5 6 |  6.2

Action                   |  1- 3 |  4- 6 |  7- 9 || total
-------------------------+-------+-------+-------++-------
Melee: Flail             |    92 |   109 |   118 ||   319
       Headbutt          |     8 |    23 |    27 ||    58
 Fire: Hunting sling     |       |     3 |       ||     3
       Hand crossbow     |       |     8 |     3 ||    11
  Use: Scroll            |     3 |     2 |     1 ||     6
       Potion            |       |       |     1 ||     1
Armor: Scale mail        |    41 |    74 |    21 ||   136
       Chain mail        |       |       |    33 ||    33
Dodge: Dodged            |    27 |    49 |    29 ||   105
Block: Kite shield       |    49 |    87 |    49 ||   185

Table legend: (Time is in decaauts)
 A = Elapsed time spent in this place.
 B = Non-inter-level travel time spent in this place.
 C = Inter-level travel time spent in this place.
 D = Time resting spent in this place.
 E = Time spent auto-exploring this place.
 F = Levels seen in this place.
 G = Mean time per level.
                   A        B        C        D        E       F      G
               +--------+--------+--------+--------+--------+-----+--------+
         Total |   6400 |   5769 |    631 |    681 |   3893 |   6 | 1066.7 |
       Dungeon |   6400 |   5769 |    631 |    681 |   3893 |   6 | 1066.7 |
               +--------+--------+--------+--------+--------+-----+--------+

Top non-repeatable levels by time:
     D:4: 1677 daAuts
     D:5: 1484 daAuts
     D:3: 1209 daAuts
     D:1: 1148 daAuts
     D:2: 662 daAuts
     D:6: 217 daAuts
